 Dungeon Crawl Stone Soup version 0.22-a0-772-gac08f70 (webtiles) character file.

1393 sking99 the Martial Artist (level 8, -1/70 HPs)
             Began as a Grey Draconian Transmuter on July 17, 2018.
             Was an Initiate of Ru.
             Slain by a slime creature (14 damage)
             ... on level 5 of the Dungeon.
             The game lasted 00:16:35 (7928 turns).

sking99 the Martial Artist (DrTm)                   Turns: 7928, Time: 00:16:35

Health: -1/70      AC: 14    Str: 13    XL:     8   Next: 41%
Magic:  8/11       EV: 14    Int: 14    God:    Ru [......]
Gold:   272        SH:  0    Dex: 13    Spells: 8/11 levels left

rFire    . . .     SeeInvis .     - Unarmed
rCold    . . .     Gourm    .   (no shield)
rNeg     . . .     Faith    .   (armour unavailable)
rPois    .         Spirit   .   (helmet restricted)
rElec    .         Reflect  .   n - +1 cloak
rCorr    .         Harm     .   t - +0 pair of gloves
MR       .....                  (no boots)
Stlth    +.........             (no amulet)
HPRegen  0.21/turn              (no ring)
MPRegen  0.12/turn              (no ring)

@: appendage
A: walk through water, unfitting armour, horns 2, unbreathing, cold-blooded, AC
+11
a: End Transformation, Renounce Religion


You were on level 5 of the Dungeon.
You worshipped Ru.
Ru was noncommittal.
You were not hungry.
You had grown temporary horns.
You visited 2 branches of the dungeon, and saw 7 of its levels.

You collected 272 gold pieces.

Inventory:

Missiles
 a - 85 arrows
Armour
 n - a +1 cloak (worn)
 t - a +0 pair of gloves (worn)
Magical Staves
 j - an uncursed staff of wizardry
Jewellery
 l - an uncursed ring of wizardry {unknown}
 o - a +4 ring of slaying {unknown}
 v - an uncursed ring of resist corrosion {unknown}
Scrolls
 d - a scroll of teleportation
 g - 2 scrolls of magic mapping
 i - 2 scrolls of remove curse
Potions
 b - 2 potions of curing
 e - a potion of invisibility
 f - a potion of degeneration {unknown}
 h - a potion of brilliance
 p - a potion of flight
 q - a potion of might
 r - 2 potions of cancellation
 u - a potion of agility
Comestibles
 c - 10 rations
 k - a chunk of flesh


   Skills:
 + Level 5.6 Fighting
 + Level 5.0 Dodging
 * Level 8.0 Unarmed Combat
 - Level 2.0 Spellcasting
 - Level 2.0 Transmutations


You had 8 spell levels left.
You knew the following spells:

 Your Spells              Type           Power        Failure   Level  Hunger
a - Beastly Appendage     Tmut           #.....       11%         1    ##.....
b - Sticks to Snakes      Tmut           #.......     16%         2    ###....

Your spell library contained the following spells:

 Spells                   Type           Power        Failure   Level  Hunger
 Spider Form              Tmut/Pois      #.........   43%         3    ####...
 Blade Hands              Tmut           #.........   96%         5    ######.
 Ice Form                 Ice/Tmut       #.......     83%         4    #####..


Dungeon Overview and Level Annotations

Branches:
Dungeon (6/15)             Temple (1/1) D:5

Altars:
Ashenzari
Cheibriados
Dithmenos
Elyvilon
Fedhas
Gozag
Hepliaklqana
Makhleb
Nemelex Xobeh
Qazlal
Ru
Sif Muna
Trog
Uskayaw
Wu Jian
Xom
Yredelemnul
Zin
The Shining One

Shops:
D:4 [


Innate Abilities, Weirdness & Mutations

You can walk through water.
Your dull iron-grey scales are very hard. (AC +11)
You cannot fit into any form of body armour.
You can survive without breathing.
You are cold-blooded and may be slowed by cold attacks.
You have a pair of horns on your head.


Message History

* * * LOW HITPOINT WARNING * * *
Your adder bites the slime creature.
You hit the slime creature.
The slime creature is lightly wounded.
The slime creature barely misses you.
Your adder barely misses the slime creature.
You hit the slime creature.
The slime creature is lightly wounded.
The slime creature hits you.
* * * LOW HITPOINT WARNING * * *
Your adder bites the slime creature.
Your adder bites the slime creature.
Casting: Sticks to Snakes (safe; 16% risk of failure)
Confirm with . or Enter, or press ? or * to list all spells.
You grow a pair of large bovine horns.
Your adder bites the slime creature.
The slime creature misses you.
Your adder bites the slime creature.
You hit the slime creature.
The slime creature is heavily wounded.
The slime creature hits you!
You die...

#.##..####......#.#
##....## ###..###.#
.##..## ##....#.#
...#..##
##..#....###
#.###..##
#..####....## #.#
##..###.## #.....#
#.# ##.##.##
#S....# .## ##..##
##J#...# ..#
###...## #@##..##
..# #..##..#
#.##..# ###
#####..# ####..#
##.# ##..# #.#
#..## ### ##.# ###


You could see a slime creature and a friendly adder.

Vanquished Creatures
  Eustachio (D:4)
  Duvessa (D:4)
  A black bear (D:6)
  A phantom (D:6)
  An ice beast (D:6)
  A centaur (D:6)
  A bullfrog (D:6)
  Dowan (D:4)
  A scorpion (D:5)
  A hound (D:4)
  2 bullfrog skeletons
  2 iguanas (D:4)
  Jessica (D:3)
  Natasha (twice) (D:4 D:3)
  A worker ant (D:5)
  Robin (D:3)
  6 gnolls
  2 howler monkey skeletons
  7 adders
  2 shadow imps
  2 oozes
  2 adder skeletons
  2 dart slugs (D:1)
  3 leopard geckos
  4 orcs
  A ball python (D:1)
  6 bats
  3 giant cockroaches
  14 goblins
  4 hobgoblins
  5 jackals
  5 quokkas
  5 frilled lizards
  4 kobolds
  7 rats
103 creatures vanquished.

Vanquished Creatures (collateral kills)
  Prince Ribbit (D:5)
1 creature vanquished.

Vanquished Creatures (others)
  6 fungi (D:6)
6 creatures vanquished.

Grand Total: 110 creatures vanquished

Notes
Turn   | Place    | Note
-------+----------+-------------------------------------------
     0 | D:1      | sking99 the Draconian Transmuter began the quest for the Orb.
     0 | D:1      | Reached XP level 1. HP: 16/16 MP: 3/3
   208 | D:1      | Reached XP level 2. HP: 23/23 MP: 5/5
  1295 | D:2      | Reached XP level 3. HP: 22/29 MP: 6/6
  1375 | D:2      | Learned a level 2 spell: Sticks to Snakes
  2018 | D:2      | Reached skill level 4 in Unarmed Combat
  2364 | D:3      | Reached XP level 4. HP: 23/36 MP: 7/7
  2665 | D:3      | Noticed Jessica
  2673 | D:3      | Killed Jessica
  2784 | D:3      | Noticed Robin
  2812 | D:3      | Killed Robin
  2817 | D:3      | Reached XP level 5. HP: 28/42 MP: 5/8
  3466 | D:4      | Found Pine Eke's Antique Armour Emporium.
  3767 | D:4      | Reached skill level 5 in Unarmed Combat
  3771 | D:4      | Noticed Duvessa
  3771 | D:4      | Noticed Dowan
  3820 | D:4      | Killed Duvessa
  3820 | D:4      | Reached XP level 6. HP: 21/51 MP: 2/9
  3826 | D:4      | Killed Dowan
  4250 | D:4      | Noticed Natasha
  4263 | D:4      | Killed Natasha
  4319 | D:4      | Noticed Eustachio
  4370 | D:4      | Noticed Natasha
  4676 | D:3      | Killed Natasha
  4962 | D:4      | Killed Eustachio
  4962 | D:4      | Reached skill level 6 in Unarmed Combat
  4962 | D:4      | Your scales start taking on a dull iron-grey colour.
  4962 | D:4      | Reached XP level 7. HP: 15/59 MP: 8/10
  4962 | D:4      | Gained mutation: You can survive without breathing. [Grey Draconian growth]
  5351 | D:5      | Entered Level 5 of the Dungeon
  5524 | D:5      | Noticed Prince Ribbit
  5537 | D:5      | Killed Prince Ribbit
  6002 | D:5      | Found a staircase to the Ecumenical Temple.
  6102 | Temple   | Entered the Ecumenical Temple
  6244 | Temple   | Became a worshipper of Ru the Awakened
  6918 | D:6      | Reached skill level 7 in Unarmed Combat
  7042 | D:6      | Found a glowing silver altar of Zin.
  7044 | D:6      | Found an iron altar of Okawaru.
  7044 | D:6      | Found a snail-covered altar of Cheibriados.
  7046 | D:6      | Found a shimmering altar of Xom.
  7046 | D:6      | Found a glowing silver altar of Zin.
  7046 | D:6      | Found a snail-covered altar of Cheibriados.
  7104 | D:6      | Reached skill level 5 in Fighting
  7121 | D:6      | Reached XP level 8. HP: 59/68 MP: 11/11
  7166 | D:6      | Found a shadowy altar of Dithmenos.
  7764 | D:5      | Reached skill level 5 in Dodging
  7811 | D:6      | Found a white marble altar of Elyvilon.
  7842 | D:6      | Noticed a slime creature
  7847 | D:6      | Reached skill level 8 in Unarmed Combat
  7928 | D:5      | Slain by a slime creature

Vault maps used:
D:1:      minmay_arrival_open_corners
D:2:      feat_on_display
D:3:      minmay_surrounded, uniq_jessica, uniq_robin
D:4:      first_ration, serial_shops, shop, uniq_eustachio, uniq_duvessa,
          uniq_natasha
D:5:      minmay_temple_entry_enclosed_plants, kennysheep_pointless_box,
          corexii_item_surrounded_by_moat, grunt_decor_cap, uniq_prince_ribbit1
D:6:      lemuel_slime, grunt_dithmenos_smoke_and_mirrors,
          gammafunk_ghost_smash, basic_altar, minmay_strange_pillars,
          doesnt_xom_only_xom
Temple:   nicolae_temple_great_sept

Skill      XL: |  1  2  3  4  5  6  7  8 |
---------------+-------------------------+-----
Dodging        | 2 3 4 5 |  5.0
Fighting       | 2 3 4 5 |  5.6
Unarmed Combat | 4 5 6 7 8 |  8.0
Spellcasting   | |  2.0
Transmutations | |  2.0

Action                   |  1- 3 |  4- 6 |  7- 9 || total
-------------------------+-------+-------+-------++-------
Melee: Unarmed           |   147 |   247 |   186 ||   580
       Tailslap          |    14 |    15 |    17 ||    46
       Punch             |     3 |     6 |     2 ||    11
       Kick              |       |     5 |       ||     5
       Headbutt          |       |     5 |     1 ||     6
 Cast: Beastly Appendage |       |     9 |     2 ||    11
       Sticks to Snakes  |       |    10 |     3 ||    13
  Use: Potion            |       |     7 |       ||     7
       Scroll            |       |    12 |     2 ||    14
 Stab: Sleeping          |     1 |     2 |       ||     3
  Eat: Chunk             |     4 |    10 |     6 ||    20
       Ration            |       |       |     1 ||     1
Armor: Skin              |    48 |   183 |    48 ||   279
Dodge: Dodged            |    74 |   325 |   109 ||   508

Table legend:
 A = Spawn XP
 B = Non-spawn XP
 C = Spawn XP percentage of total XP
 D = Spawn monster count
 E = Non-spawn monster count
 F = Spawn count percentage of total count
 G = Total turns spent on level
                    A         B        C        D         E        F      G
               +---------+---------+-------+---------+---------+-------+---------
         Total |       0 |    1991 |   0.0 |       0 |     104 |   0.0 |  7928
               +---------+---------+-------+---------+---------+-------+---------
           D:1 |       0 |      38 |   0.0 |       0 |      20 |   0.0 |  1265
           D:2 |       0 |      46 |   0.0 |       0 |      14 |   0.0 |  1069
           D:3 |       0 |     172 |   0.0 |       0 |      30 |   0.0 |  1648
           D:4 |       0 |     612 |   0.0 |       0 |      13 |   0.0 |  1369
           D:5 |       0 |     374 |   0.0 |       0 |      12 |   0.0 |  1336
           D:6 |       0 |     749 |   0.0 |       0 |      15 |   0.0 |  1088
               +---------+---------+-------+---------+---------+-------+---------
